 Dungeon Crawl Stone Soup version 0.30-a0-1094-g860fb061e7 (webtiles) character file.

Game seed: 13568734058727826930

13950 bande the Cleaver (level 12, -5/75 HPs)
             Began as a Gargoyle Fighter on Apr 17, 2023.
             Was a High Priest of Okawaru.
             Slain by a hell knight
             ... wielding a +5 battleaxe
              (10 damage)
             ... on level 1 of the Abyss on Apr 18, 2023.
             The game lasted 00:25:27 (12493 turns).

bande the Cleaver (Gargoyle Fighter)               Turns: 12493, Time: 00:25:27

Health: -5/75      AC: 29    Str: 21    XL:     12   Next: 11%
Magic:  0/16       EV:  5    Int:  9    God:    Okawaru [*****.]
Gold:   1157       SH: 10    Dex: 13    Spells: 11/11 levels left

rFire   + . .      SeeInvis .    a - +1 war axe (flame)
rCold   x . .      Faith    .    G - +0 kite shield
rNeg    + . .      Spirit   +    F - +2 plate armour
rPois   ∞          Reflect  .    z - +2 hat
rElec   +          Rampage  .    u - +0 cloak
rCorr   +                        b - +0 pair of gloves
Will    .....                    (no boots) Stlth
                                 H - amulet of guardian spirit
HPRegen 0.32/turn                g - ring of protection from fire
MPRegen 0.15/turn                c - ring of resist corrosion

@: slowed, very slow
A: sickness immunity, AC +8, negative energy resistance 1, electricity
resistance, torment resistance 1, petrification resistance, cold vulnerability 1
a: Renounce Religion, Heroism, Finesse, Duel


You were on level 1 of the Abyss.
You worshipped Okawaru.
Okawaru was extremely pleased with you.
You visited 2 branches of the dungeon, and saw 12 of its levels.
You visited the Abyss 1 time.
You also visited: Ossuary.

You collected 1157 gold pieces.

Inventory:

Hand Weapons
 a - a +1 war axe of flaming (weapon)
 x - a +0 war axe
Missiles
 l - a throwing net (quivered)
Armour
 b - a +0 pair of gloves (worn)
 t - a +1 helmet
 u - a +0 cloak (worn)
 z - a +2 hat (worn)
 F - a +2 plate armour (worn)
 G - a +0 kite shield (worn)
Jewellery
 c - a ring of resist corrosion (right hand)
 f - an amulet of regeneration
 g - a ring of protection from fire (left hand)
 v - a ring of protection from fire
 H - an amulet of guardian spirit (around neck)
 K - a +5 ring of evasion
Wands
 y - a wand of flame (20)
 A - a wand of roots (11)
 C - a wand of acid (3)
 I - a wand of digging (4)
Scrolls
 h - 3 scrolls of enchant armour
 q - 2 scrolls of teleportation
 B - a scroll of fog
 E - 4 scrolls of identify
 J - a scroll of fear {unknown}
Potions
 d - 2 potions of might
 e - 2 potions of brilliance
 i - 3 potions of haste
 j - a potion of invisibility
 k - a potion of cancellation {unknown}
 m - 4 potions of magic
 n - 5 potions of curing
 o - a potion of mutation
 p - 2 potions of resistance
 r - 8 potions of flight
 s - 2 potions of heal wounds
 w - 3 potions of ambrosia
 D - a potion of degeneration {unknown}


   Skills:
 + Level 8.4 Fighting
 + Level 11.3 Axes
 + Level 9.4 Armour
 + Level 7.4 Shields
 * Level 6.5 Invocations
 * Level 5.6 Evocations


You had 11 spell levels left.
You didn't know any spells.
Your spell library contained the following spells:

 Spells                   Type           Power      Damage    Failure   Level
 Sandblast                Erth           0%         2d4       100%        1
 Slow                     Hex            0%         N/A       100%        1
 Sting                    Tmut/Pois      0%         1d3       100%        1
 Passwall                 Tmut/Erth      0%         N/A       100%        2
 Poisonous Vapours        Pois/Air       0%         N/A       100%        2
 Confusing Touch          Hex            0%         N/A       100%        3
 Ignite Poison            Fire/Tmut/Pois 0%         N/A       100%        3
 Stone Arrow              Conj/Erth      0%         3d7       100%        3
 Vampiric Draining        Necr           0%         2d6       100%        3
 Olgreb's Toxic Radiance  Pois           0%         N/A       100%        4
 Passage of Golubria      Tloc           0%         N/A       100%        4
 Sticky Flame             Conj/Fire      0%         2d3       100%        4
 Yara's Violent Unravell  Hex/Tmut       0%         3d3       100%        5
 Orb of Destruction       Conj           0%         9d5       100%        7
 Ignition                 Fire           0%         3d3       100%        8
 Summon Small Mammal      Summ           Unusable   N/A       N/A         1
 Call Canine Familiar     Summ           Unusable   N/A       N/A         3
 Summon Guardian Golem    Hex/Summ       Unusable   N/A       N/A         3
 Tukima's Dance           Hex            Unusable   N/A       N/A         3
 Spellforged Servitor     Conj/Summ      Unusable   N/A       N/A         7

Dungeon Overview and Level Annotations

Branches:
Dungeon (11/15)            Temple (1/1) D:6             Orc (0/2) D:10
Ossuary (visited)
   Lair: D:8-11

Altars:
Dithmenos
Elyvilon
Fedhas
Gozag
Kikubaaqudgha
Makhleb
Okawaru
Qazlal
Ru
Sif Muna
Xom
Yredelemnul
Zin
The Shining One

Shops:
D:2 ?   D:3 =   D:4 [   D:9 ?

Annotations:
D:10 3 runed translucent doors, mandoloar's ghost, journeyman OpTm
D:11 Erolcha


Innate Abilities, Weirdness & Mutations

You are immune to sickness and miasma.
Your stone body is resilient. (AC +8)
You are immune to poison.
You resist negative energy. (rN+)
You are resistant to electric shocks. (rElec)
You are resistant to unholy torment.
You are immune to petrification.
You are vulnerable to cold. (rC-)


Message History

The hell knight utters an invocation to its god.
The hell knight seems to speed up.
You block the large abomination's attack.
Something hits you but does no damage.
A necromancer comes into view.
It is wielding a +2 dagger of draining and wearing a +0 robe of cold resistance.
The hell knight hits you but does no damage. x2
You block the large abomination's attack.
You slash the hell knight!
The hell knight is severely wounded.
You hit the large abomination but do no damage.
You barely miss something. You hit the hell knight.
You block something's attack.
A hell knight comes into view.
It is wielding a +3 battleaxe of flaming.
The large abomination hits you but does no damage.
Something hits you. Something drains your vigour!
You feel as though you will be slow longer.
The necromancer gestures at you while chanting.
The bolt of negative energy hits something.
The bolt of negative energy misses you.
The hell knight hits you with a +3 demon whip!
* * * LOW HITPOINT WARNING * * *
You block the hell knight's attack.
You slash the hell knight!
The hell knight is heavily wounded.
You slash the hell knight! You hit the hell knight.
You slash the large abomination! You burn the large abomination.
You slash something! You burn something.
The hell knight hits you but does no damage.
You block the hell knight's attack.
The hell knight calls down the wrath of its god upon you.
The bolt of fire hits you. You resist.
* * * LOW HITPOINT WARNING * * *
The bolt of fire hits the hell knight.
The hell knight completely resists.
You block the large abomination's attack.
You block something's attack.
The hell knight hits you but does no damage.
The hell knight hits you with a +3 battleaxe!
* * * LOW HITPOINT WARNING * * *
The hell knight hits you with a +5 battleaxe!
You die...

... ... . ...... . ..
.... .... . .. .... .
... ... ..... .#### #
# ######## .#### #
##.#####.######.......
.
...............#.....
.. ...............
........
..#...p......##.######
# ......X@p.#..#..#
.......#p....####
........p......
######p######### ..p
.... .... ...


You could see 6 hell knights and a large abomination.

Vanquished Creatures
  A two-headed ogre (D:10)
  Nergalle (D:11)
  Lodul (D:10)
  A deep elf pyromancer (D:9)
  Pikel (Temple)
  The ghost of asti the Basher, a novice MiFi of Okawaru (D:7)
  An ugly thing (D:11)
  3 gargoyles
  The ghost of Pimp the Covered, a novice GrFi (D:6)
  A troll (D:7)
  Grinder (D:4)
  3 slime creatures (D:11)
  Eustachio (D:4)
  A wraith (D:11)
  8 yaks
  A neqoxec (Abyss:1)
  Grum (D:8)
  2 steam dragons
  4 vampire mosquitoes (D:10)
  Menkaure (D:4)
  A warg (D:7)
  Edmund (D:4)
  2 small abominations (Abyss:1)
  A water moccasin (D:6)
  3 acid dragons (D:9)
  Duvessa (D:6)
  3 ice beasts
  7 orc warriors
  9 ogres
  5 centaurs
  4 wolves (D:8)
  A phantom (D:6)
  4 kobold brigands
  6 bullfrogs
  2 gnoll sergeants
  3 scorpions
  3 water moccasin zombies (Ossuary)
  4 wights (D:9)
  Dowan (D:6)
  2 jellies
  6 orc priests
  A hound (D:6)
  A gnoll bouda (D:6)
  2 iguanas
  14 orc wizards
  2 mummies (Ossuary)
  3 adders
  9 gnolls
  2 shadow imps
  A white imp (D:6)
  2 ufetubi
  5 adder zombies (Ossuary)
  2 worms (D:4)
  3 dart slugs
  61 orcs
  5 ball pythons
  8 bats
  5 endoplasms
  3 giant cockroaches
  12 goblins
  13 hobgoblins
  A quokka (D:4)
  2 frilled lizards
  4 hobgoblin zombies (Ossuary)
  23 kobolds
  3 kobold zombies (Ossuary)
  6 orc zombies (Ossuary)
  5 rats
  A spectral goblin (D:1)
303 creatures vanquished.

Vanquished Creatures (others)
  2 orc priests (D:9)
  An orc (D:9)
  A lurking horror (Abyss:1)
4 creatures vanquished.

Grand Total: 307 creatures vanquished

Notes
Turn   | Place    | Note
-------+----------+-------------------------------------------
     0 | D:1      | bande the Gargoyle Fighter began the quest for the Orb.
     0 | D:1      | Reached XP level 1. HP: 14/14 MP: 1/1
   197 | D:1      | Reached XP level 2. HP: 17/19 MP: 2/2
   239 | D:1      | Reached skill level 2 in Axes
   431 | D:1      | Reached XP level 3. HP: 23/23 MP: 3/3
   549 | D:1      | Found a faded altar of an unknown god.
  1216 | D:2      | Reached XP level 4. HP: 27/28 MP: 4/4
  1225 | D:2      | You fall into a shaft and drop 2 floors!
  1232 | D:4      | Noticed Grinder
  1254 | D:4      | Paralysed by Grinder for 5 turns
  1274 | D:4      | Found Guly's Armour Shoppe.
  1281 | D:4      | Paralysed by Grinder for 2 turns
  1299 | D:4      | Paralysed by Grinder for 3 turns
  1304 | D:4      | Killed Grinder
  1305 | D:4      | Reached skill level 4 in Axes
  1305 | D:4      | Reached XP level 5. HP: 20/33 MP: 5/5
  1305 | D:4      | Reached XP level 6. HP: 23/38 MP: 6/6
  1415 | D:4      | Found a sand-covered staircase.
  1427 | Ossuary  | Entered an ossuary
  1476 | Ossuary  | Reached XP level 7. HP: 44/44 MP: 7/7
  1480 | Ossuary  | Reached skill level 5 in Axes
  1554 | Ossuary  | Reached skill level 5 in Armour
  1630 | D:4      | Noticed Menkaure
  1646 | D:4      | Killed Menkaure
  2299 | D:2      | Found Kushu's Magic Scroll Shoppe.
  2708 | D:3      | Found Raprai's Jewellery Boutique.
  2990 | D:4      | Noticed Edmund
  3014 | D:4      | Reached skill level 5 in Fighting
  3014 | D:4      | Reached skill level 6 in Axes
  3031 | D:4      | Killed Edmund
  3032 | D:4      | Reached XP level 8. HP: 21/49 MP: 8/8
  3315 | D:4      | Noticed Eustachio
  3346 | D:4      | Killed Eustachio
  3712 | D:5      | Entered Level 5 of the Dungeon
  3844 | D:5      | Reached skill level 7 in Axes
  4282 | D:6      | Noticed Duvessa
  4282 | D:6      | Noticed Dowan
  4300 | D:6      | Killed Dowan
  4304 | D:6      | Killed Duvessa
  4393 | D:6      | Reached skill level 5 in Shields
  4426 | D:6      | Reached XP level 9. HP: 55/55 MP: 9/9
  4433 | D:6      | Found a staircase to the Ecumenical Temple.
  4435 | D:6      | Noticed Pikel
  4444 | Temple   | Entered the Ecumenical Temple
  4452 | Temple   | Killed Pikel
  4453 | Temple   | Reached skill level 8 in Axes
  4453 | Temple   | Reached skill level 1 in Evocations
  4461 | Temple   | Became a worshipper of Warmaster Okawaru
  4552 | D:6      | Reached skill level 1 in Invocations
  4715 | D:6      | Found a runed translucent gate.
  4715 | D:6      | Found a runed translucent gate.
  4715 | D:6      | Found a runed translucent gate.
  4715 | D:6      | Noticed Pimp's ghost (novice GrFi)
  4776 | D:6      | Found an opulent altar of Gozag.
  4788 | D:6      | Reached * piety under Okawaru
  5278 | D:6      | Killed Pimp's ghost
  5279 | D:6      | Reached XP level 10. HP: 55/61 MP: 11/11
  5343 | D:7      | Reached skill level 9 in Axes
  5366 | D:7      | Reached ** piety under Okawaru
  6416 | D:8      | Found a runed translucent gate.
  6416 | D:8      | Found a runed translucent gate.
  6420 | D:8      | Noticed asti's ghost (novice MiFi)
  6423 | D:8      | Found a runed translucent gate.
  6529 | D:8      | Noticed Grum
  6557 | D:8      | Killed Grum
  6566 | D:8      | Reached *** piety under Okawaru
  7242 | D:7      | Killed asti's ghost
  7605 | D:9      | Reached skill level 10 in Axes
  7610 | D:9      | Reached **** piety under Okawaru
  7840 | D:9      | Found Axozod's Magic Scroll Shop.
  7894 | D:9      | Reached XP level 11. HP: 31/67 MP: 14/14
  8240 | D:8      | Reached skill level 5 in Invocations
  8979 | D:10     | Entered Level 10 of the Dungeon
  8979 | D:10     | Noticed a deep elf pyromancer
  9004 | D:9      | Killed a deep elf pyromancer
  9225 | D:10     | Noticed an orc knight
  9225 | D:10     | Noticed mandoloar's ghost (journeyman OpTm)
  9230 | D:10     | Found a runed translucent gate.
  9230 | D:10     | Found a runed translucent gate.
  9231 | D:10     | Noticed a two-headed ogre
  9241 | D:10     | Killed a two-headed ogre
  9320 | D:10     | Found a staircase to the Orcish Mines.
  9392 | D:10     | Found a runed translucent gate.
  9420 | D:10     | Reached ***** piety under Okawaru
  9466 | D:10     | Noticed Lodul
 10099 | D:11     | Noticed a white ugly thing
 10111 | D:11     | HP: 3/68 [white ugly thing (35)]
 10113 | D:11     | Killed a white ugly thing
 10114 | D:11     | Reached skill level 5 in Evocations
 10865 | D:10     | Killed Lodul
 11282 | D:10     | Found a shimmering blue altar of Sif Muna.
 11340 | D:10     | Reached skill level 11 in Axes
 11954 | D:11     | Noticed Nergalle
 11989 | D:11     | Killed Nergalle
 11990 | D:11     | Reached XP level 12. HP: 22/75 MP: 3/16
 12381 | D:11     | Noticed Erolcha
 12394 | Abyss:1  | Cast into level 1 of the Abyss (Erolcha)
 12441 | Abyss:1  | Gained mutation: You are vulnerable to cold. (rC-) [a
                  | neqoxec]
 12480 | Abyss:1  | Noticed a hell knight
 12481 | Abyss:1  | Noticed a hell knight
 12486 | Abyss:1  | Noticed a hell knight
 12489 | Abyss:1  | Noticed a hell knight
 12489 | Abyss:1  | Noticed a hell knight
 12492 | Abyss:1  | Noticed a hell knight
 12493 | Abyss:1  | Slain by a hell knight

Illustrated notes

Levels and vault maps discovered:
D:1:      eino_arrival_water_cross, layout_loops_ring,
          dreamdust_ecumenical_altar_drowned_temple, hangedman_decor_push
D:2:      layout_loops_ring, serial_shops, nicolae_shop_rolled_up, serial_glass,
          glass_columns_c, glass_columns_a, feat_on_display,
          due_unseen_surprise, item_on_display_a, minivault_5,
          minmay_misc_feat_secret_circle, minmay_goblin_outpost
D:3:      layout_basic, serial_shops, nicolae_shop_window_shopping
D:4:      layout_cave_pools, serial_shops, shop,
          lightli_ossuary_entry_decrepit_ruins, uniq_grinder, uniq_edmund,
          uniq_eustachio, uniq_menkaure
D:5:      layout_rooms
D:6:      layout_basic, general_overflow_altar, minmay_temple_entry_arrows,
          ebering_ghost_rock_garden, uniq_duvessa, uniq_pikel
D:7:      layout_loops_ring, minmay_misc_feat_iff, small_statue_intersection
D:8:      layout_loops_ring, biasface_ghost_orc_armoury, uniq_grum
D:9:      layout_big_octagon, serial_shops, nicolae_shop_tiny_waterfront
D:10:     layout_long_grid, tgw_sif, hiddenorc2_lemuel, gammafunk_ghost_split,
          reono_crystal_passage, uniq_lodul
D:11:     layout_basic, dpeg_oklobed_lair, uniq_josephine, uniq_nergalle,
          uniq_erolcha
Temple:   nicolae_temple_bog_church
Abyss:1:  base:
D:10

Skill      XL: |  1  2  3  4  5  6  7  8  9 10 11 |
---------------+----------------------------------+-----
Axes           | 2 4 6 7 8 10 11 | 11.3
Fighting       | 4 5 6 7 8 |  8.4
Armour         | 4 5 6 7 8 9 |  9.4
Shields        | 4 5 6 7 |  7.4
Evocations     | 2 4 5 |  5.6
Invocations    | 2 4 6 |  6.5

Action                     |  1- 3 |  4- 6 |  7- 9 | 10-12 || total
---------------------------+-------+-------+-------+-------++-------
  Melee: War axe           |   110 |    78 |   403 |   635 ||  1226
    Use: Scroll            |       |     2 |    13 |     4 ||    19
         Potion            |       |     1 |     1 |     2 ||     4
   Stab: Distracted        |       |       |       |     1 ||     1
 Armour: Scale mail        |    23 |       |       |       ||    23
         Chain mail        |    59 |    36 |   282 |   161 ||   538
         Plate armour      |       |       |       |   424 ||   424
  Dodge: Dodged            |    53 |    30 |   132 |   234 ||   449
  Block: Buckler           |    28 |    16 |    99 |   107 ||   250
         Kite shield       |       |       |       |   237 ||   237

Table legend: (Time is in decaauts)
 A = Elapsed time spent in this place.
 B = Non-inter-level travel time spent in this place.
 C = Inter-level travel time spent in this place.
 D = Time resting spent in this place.
 E = Time spent auto-exploring this place.
 F = Levels seen in this place.
 G = Mean time per level.
                   A        B        C        D        E       F      G
               +--------+--------+--------+--------+--------+-----+--------+
         Total |  12746 |  12369 |    377 |   3697 |   5470 |  14 |  910.4 |
       Dungeon |  12394 |  12017 |    377 |   3697 |   5395 |  11 | 1126.7 |
        Temple |     31 |     31 |      0 |      0 |      0 |   1 |   31.0 |
         Abyss |    103 |    103 |      0 |      0 |      0 |   1 |  103.0 |
       Ossuary |    217 |    217 |      0 |      0 |     75 |   1 |  217.0 |
               +--------+--------+--------+--------+--------+-----+--------+

Top non-repeatable levels by time:
    D:11: 1829 daAuts
     D:8: 1634 daAuts
    D:10: 1420 daAuts
     D:9: 1211 daAuts
     D:6: 1097 daAuts
     D:7: 1047 daAuts
     D:4: 997 daAuts
     D:2: 976 daAuts
     D:1: 891 daAuts
     D:3: 759 daAuts
     D:5: 528 daAuts
 Ossuary: 217 daAuts
 Abyss:1: 103 daAuts
  Temple: 31 daAuts
